Cogmind - Beta 14 @@@ ROGUE MODE // 2025.03.25 @ 23:41:28 Player: SelfCookedBird Result: Destroyed by G-34 Mercenary with Small Laser Performance ------------- Evolutions (1) 500 Regions Visited (3) 600 Robots Destroyed (29) 145 Value Destroyed (624) 624 Prototype IDs (0) 0 Alien Tech Used (0) 0 Bonus (227) 227 TOTAL SCORE: 2096 Bonus ------- Pacifist 200 High Alert Combat Kills 27 Cogmind --------- Core Integrity 0/400 Matter 225/300 Energy 100/100 System Corruption 0% Temperature Danger (480) Movement Core (350) Ox6 Location -9/Materials Parts ------- > --- POWER (1) -------- (None) > --- PROPULSION (4) --- (None) > --- UTILITY (2) ------ Large Storage Unit Terrain Scan Processor > --- WEAPON (2) ------- (None) > --- INVENTORY (15) --- Light Ion Engine Light Ion Engine Large Matter Pod (150) Tractor Beam Decoy Drone Bay EM Pulse Gun Small Laser Light Assault Rifle Shotgun Mining Laser Plasma Cutter Peak State ------------ > --- POWER ------------ Improved Ion Engine > --- PROPULSION ------- Light Treads Light Treads Aluminum Leg Aluminum Leg > --- UTILITY ---------- Large Storage Unit Weapon Shielding > --- WEAPON ----------- Rocket Launcher Datajack > --- INVENTORY -------- Ion Engine Light Ion Engine Large Matter Pod Tractor Beam Decoy Drone Bay EM Pulse Gun Beam Cannon Beam Cannon Particle Cannon Light Assault Rifle Shotgun Light Cannon Mining Laser Plasma Cutter [Rating: 14] Favorites ----------- Power Light Ion Engine Engine Light Ion Engine Propulsion Aluminum Leg Treads Light Treads Leg Aluminum Leg Utility Large Storage Unit Device Tractor Beam Storage Large Storage Unit Processor Terrain Scan Processor Protection Weapon Shielding Weapon Light Cannon Energy Gun Small Laser Energy Cannon Particle Cannon Ballistic Gun Light Assault Rifle Ballistic Cannon Light Cannon Launcher Rocket Launcher Special Melee Weapon Datajack Build | -11 -10 -10 -9 ------- Run | Yrd Mat Min Mat Slots Evolved 2 | . . . 2 Power . | . . . . Propulsion 2 | . . . 2 Utility . | . . . . Weapon . | . . . . Parts Attached 34 | 6 3 6 19 Power 5 | 1 . 1 3 Engine 5 | 1 . 1 3 Core . | . . . . Reactor . | . . . . Propulsion 11 | 2 . 2 7 Treads 2 | . . 2 . Leg 9 | 2 . . 7 Wheel . | . . . . Hover . | . . . . Flight . | . . . . Utility 5 | 1 2 1 1 Device 1 | . 1 . . Storage 2 | 1 . 1 . Processor 1 | . . . 1 Hackware . | . . . . Protection 1 | . 1 . . Artifact . | . . . . Weapon 13 | 2 1 2 8 Energy Gun 2 | 1 . . 1 Energy Cannon 3 | . . . 3 Ballistic Gun 4 | 1 1 1 1 Ballistic Cannon 2 | . . 1 1 Launcher 1 | . . . 1 Special Weapon . | . . . . Impact Weapon . | . . . . Slashing Weapon . | . . . . Piercing Weapon . | . . . . Special Melee Weapon 1 | . . . 1 Unidentified Prototypes . | . . . . Parts Lost 15 | . . . 15 Power 2 | . . . 2 Propulsion 5 | . . . 5 Utility 1 | . . . 1 Weapon 7 | . . . 7 Highest Loss Streak 7 | . . . 7 To Critical Strikes . | . . . . Average Slot Usage (%) 93 | . 99 100 88 Engine 12 | . 14 14 10 Treads 9 | . . 19 7 Leg 24 | . 28 8 30 Storage 12 | . 14 14 11 Processor 1 | . . . 3 Protection 8 | . 10 14 5 Energy Gun 4 | . 14 4 2 Ballistic Gun 6 | . 14 14 1 Ballistic Cannon 5 | . . 9 6 Launcher 1 | . . . 3 Special Melee Weapon 2 | . . . 4 Peak Build Rating 14 | 6 7 9 14 Average Rating 9 | 4 6 7 11 On Entrance 5 | . 6 7 9 Naked Turns . | . . . . Heaviest Build 33 | 12 14 29 33 Greatest Support 40 | 20 20 40 40 Greatest Overweight (x) 8 | 1 . 1 8 Average Overweight (x) . | . . . . Largest Inventory Capacity 15 | 8 8 15 15 Average Capacity 13 | 6 8 14 15 Most Carried 15 | 6 8 15 15 Average Carried 12 | 3 6 13 14 Final Capacity 15 | 8 8 15 15 Final Carried 15 | 6 8 15 12 Class Distribution -------------------- 44% | Mutant 35% | Scavenger-Mutant 20% | Derelict-Mutant Dominant Class ---------------- Mutant | -10/Materials Derelict-Mutant | -10/Mines Scavenger-Mutant | -9/Materials Resources | -11 -10 -10 -9 ----------- Run | Yrd Mat Min Mat Matter Collected 859 | 188 . 164 507 Remotely . | . . . . Salvage Created 644 | . . . 644 Parts 51 | . . . 51 Haulers Intercepted 1 | . . . 1 Recyclers Shooed . | . . . . Parts Field Recycled . | . . . . Retrieved Matter . | . . . . Parts Self-Destructed . | . . . . Prevented . | . . . . Kills | -11 -10 -10 -9 ------- Run | Yrd Mat Min Mat Combat Hostiles Destroyed 18 | . . . 18 Guns 1 | . . . 1 Cannons 9 | . . . 9 AOE 8 | . . . 8 Classes Destroyed 9 | . . . 9 Worker 4 | . . . 4 Builder 3 | . . . 3 Hauler 1 | . . . 1 Operator 1 | . . . 1 Watcher 2 | . . . 2 Swarmer 6 | . . . 6 Grunt 7 | . . . 7 Duelist 1 | . . . 1 Sentry 4 | . . . 4 Best Kill Streak 8 | . . . 8 Combat Bots Only 6 | . . . 6 Max Kills in Single Turn 3 | . . . 3 Gunslinging . | . . . . Exploded 2 | . . . 2 Melee . | . . . . Uniques/NPCs Destroyed . | . . . . Combat | -11 -10 -10 -9 -------- Run | Yrd Mat Min Mat Hostile Shots Fired 146 | . . 11 135 Missed 26 | . . 4 22 Damage Taken 1611 | . . 63 1548 Core 418 | . . 17 401 Absorbed by Shields . | . . . . Redirected to Shielding 50 | . . 4 46 Core Remaining (%) 96 | 100 . 93 . Volleys Fired 55 | 7 4 . 44 Largest 2 | 1 2 . 2 Hottest 120 | 40 60 . 120 Shots Fired 75 | 7 8 . 60 Gun 29 | 7 8 . 14 Cannon 34 | . . . 34 Launcher 12 | . . . 12 Special . | . . . . Kinetic 23 | . 4 . 19 Thermal 40 | 7 4 . 29 Explosive 12 | . . . 12 Electromagnetic . | . . . . Robot Hit Streak 7 | 6 1 . 7 Robot Miss Streak 5 | 1 5 . 4 Penetration Max . | . . . . Secondary Targets . | . . . . Shots Hit Robots 45 | 6 1 . 38 Core Hits 39 | 1 . . 38 Critical Kills . | . . . . Critical Parts Destroyed . | . . . . Critical Strikes 3 | . . . 3 Burn 2 | . . . 2 Blast 1 | . . . 1 Melee Attacks 3 | . . . 3 Impact . | . . . . Slashing . | . . . . Piercing . | . . . . Sneak Attacks 2 | . . . 2 Combat Hostiles . | . . . . Follow-up Attacks . | . . . . Damage Inflicted 1514 | 65 9 . 1440 Guns 191 | 65 9 . 117 Cannons 478 | . . . 478 Explosions 845 | . . . 845 Melee . | . . . . Ramming . | . . . . Kinetic 284 | . 9 . 275 Thermal 422 | 65 . . 357 Explosive 808 | . . . 808 Electromagnetic . | . . . . Impact . | . . . . Slashing . | . . . . Piercing . | . . . . Highest Corruption . | . . . . Average Corruption . | . . . . Corruption Purged . | . . . . Corruption Blocked . | . . . . Overload Shots . | . . . . Overflow Damage 26 | . . . 26 Projectiles . | . . . . Explosions 26 | . . . 26 Melee . | . . . . Knockbacks 4 | . . . 4 Impact . | . . . . Kinetic 4 | . . . 4 Secondary . | . . . . Self-Inflicted Damage 170 | . . . 170 Shots 5 | . . . 5 Rammed . | . . . . Targets Rammed . | . . . . Kicked . | . . . . Crushed . | . . . . Highest Temperature 620 | . 40 . 620 Average Temperature 152 | . 22 . 166 Received Heat Transfer 588 | . . . 588 Effects 17 | . . . 17 Shutdowns 1 | . . . 1 Interference 1 | . . . 1 Matter Decay 3 | . . . 3 Damage (major) 12 | . . . 12 Siege Activations . | . . . . Robots Corrupted . | . . . . Combat Hostiles . | . . . . Parts Fried . | . . . . Impact Corruptions . | . . . . Robots Melted . | . . . . Combat Hostiles . | . . . . Parts Melted 1 | . . . 1 Heat Transferred 1101 | 150 . . 951 Parts Sabotaged . | . . . . Parts Stolen . | . . . . Parts Stripped . | . . . . Power Chain Reactions . | . . . . Alert | -11 -10 -10 -9 ------- Run | Yrd Mat Min Mat Peak Influence 435 | . 30 11 435 Initial 11 | . . 11 3 Average 134 | . 8 11 239 Maximum Alert Level 2 | . . . 2 Low Security (%) 67 | 100 100 100 41 Level 1 19 | . . . 35 Level 2 12 | . . . 23 Level 3 . | . . . . Level 4 . | . . . . Level 5 . | . . . . High Security . | . . . . Max Security . | . . . . Squads Dispatched 4 | . . . 4 Investigation . | . . . . Extermination . | . . . . Reinforcement 4 | . . . 4 Assault . | . . . . Garrison . | . . . . Intercept . | . . . . Searches Triggered . | . . . . Construction Impeded 1 | . . . 1 Haulers Reinforced . | . . . . Active Scanning Responses . | . . . . Cargo Convoy Interrupts . | . . . . Stealth | -11 -10 -10 -9 --------- Run | Yrd Mat Min Mat Distress Signals 3 | . . . 3 Communications Jammed . | . . . . Distress Signals . | . . . . Times Spotted 32 | . 3 3 26 Peak Tracking Total 7 | . 3 3 7 Tactical Retreats . | . . . . Traps | -11 -10 -10 -9 ------- Run | Yrd Mat Min Mat Traps Triggered . | . . . . Indirectly . | . . . . Trap Hack Attempts . | . . . . Triggered . | . . . . Disarmed . | . . . . Reprogrammed . | . . . . Reused . | . . . . Traps Extracted . | . . . . Installed . | . . . . Triggered . | . . . . Machines | -11 -10 -10 -9 ---------- Run | Yrd Mat Min Mat Machines Disabled 3 | . . . 3 Max in Single Turn 2 | . . . 2 Machines Repaired . | . . . . Machines Dismantled . | . . . . Machines Sabotaged . | . . . . Overloaded Fab Kills . | . . . . Hacking | -11 -10 -10 -9 --------- Run | Yrd Mat Min Mat Machines Accessed 3 | . . 1 2 Terminals 2 | . . . 2 Fabricators . | . . . . Repair Stations . | . . . . Recycling Units . | . . . . Scanalyzers . | . . . . Garrison Access . | . . . . Total Hacks 4 | . . 1 3 Successful 4 | . . 1 3 Failed . | . . . . Catastrophic . | . . . . Database Lockouts . | . . . . Manual 1 | . . . 1 Terminals 3 | . . . 3 Fabricators . | . . . . Repair Stations . | . . . . Recycling Units . | . . . . Scanalyzers . | . . . . Garrison Access . | . . . . Terminal Hacks 4 | . . 1 3 Record 3 | . . . 3 Open Door 1 | . . 1 . Fabricator Hacks . | . . . . Repair Station Hacks . | . . . . Recycling Unit Hacks . | . . . . Scanalyzer . | . . . . Garrison Access Hacks . | . . . . Unauthorized Hacks . | . . . . Terminals . | . . . . Fabricators . | . . . . Repair Stations . | . . . . Recycling Units . | . . . . Scanalyzers . | . . . . Garrison Access . | . . . . Data Cores Recovered . | . . . . Used . | . . . . Hacking Detections 2 | . . . 2 Full Trace Events . | . . . . Feedback Events . | . . . . Feedback Blocked . | . . . . Robot Schematics Acquired . | . . . . Robots Built . | . . . . Authchips . | . . . . Time . | . . . . Total Robot Build Rating . | . . . . Part Schematics Acquired . | . . . . Parts Built . | . . . . Authchips . | . . . . Time . | . . . . Total Part Build Rating . | . . . . Parts Repaired . | . . . . Time . | . . . . Parts Recycled . | . . . . Recycled Matter . | . . . . Retrieved Matter . | . . . . Retrieved Components . | . . . . Parts Scanalyzed . | . . . . Part Schematics Acquired . | . . . . Parts Damaged . | . . . . Bothacking | -11 -10 -10 -9 ------------ Run | Yrd Mat Min Mat Used RIF Installer . | . . . . Robots Hacked 3 | . . . 3 Non-combat 3 | . . . 3 Combat . | . . . . Robot Hacks Applied 3 | . . . 3 no_distress 2 | . . . 2 check_alert 1 | . . . 1 Relay Couplers Released . | . . . . Fabnet Peak Effective % . | . . . . Robots Rewired . | . . . . Allies Hacked . | . . . . Hacks Repelled . | . . . . Allies | -11 -10 -10 -9 -------- Run | Yrd Mat Min Mat Total Allies . | . . . . Largest Group . | . . . . Highest-Rated Group . | . . . . Highest-Rated Ally . | . . . . Total Orders . | . . . . Ally Attacks . | . . . . Total Damage . | . . . . Kills . | . . . . Allies Corrupted . | . . . . Allies Melted . | . . . . Intel | -11 -10 -10 -9 ------- Run | Yrd Mat Min Mat Robot Analysis Total . | . . . . Derelict Logs Recovered . | . . . . Drone Launches . | . . . . Drone Recoveries . | . . . . Exploration | -11 -10 -10 -9 ------------- Run | Yrd Mat Min Mat Turns Passed 1402 | 82 218 335 767 Spaces Moved 831 | 47 163 200 421 Core 9 | 7 . . 2 Treads 283 | . . 143 140 Legs 539 | 40 163 57 279 Wheels . | . . . . Hover . | . . . . Flight . | . . . . Fastest Speed 50 | 50 120 120 120 Average Speed 142 | 112 120 158 147 Slowest Speed 450 | 120 120 190 450 Overloaded Moves . | . . . . Propulsion Burnouts . | . . . . Robots Hopped . | . . . . Cave-ins Triggered . | . . . . Exploration Rate (%) 23 | 4 21 37 33 Regions Visited 3 Branch Regions 1 Pre-discovered Areas . | . . . . Known Exits Taken . | . . . . Unknown Exits Taken 3 | 1 1 1 . Scrap Searched 1 | . . 1 . Spaces Dug . | . . . . Terrain Destroyed 141 | . . . 141 Melee . | . . . . Projectile . | . . . . AOE 141 | . . . 141 Terrain Rammed . | . . . . Walls Destroyed . | . . . . Machines Disabled . | . . . . Actions | -11 -10 -10 -9 --------- Run | Yrd Mat Min Mat Total 967 | 66 178 218 505 Wait 8 | . 3 . 5 Move 828 | 46 162 199 421 Hop . | . . . . Pick Up 25 | 7 2 9 7 Fast Attach 11 | 5 3 . 3 Attach 8 | 1 . . 7 Detach 2 | . 2 . . Swap 15 | . . 6 9 Drop 12 | . 2 4 6 Fire 55 | 7 4 . 44 Melee 3 | . . . 3 Ram . | . . . . Kick . | . . . . Crush . | . . . . Escape Stasis . | . . . . Rewire . | . . . . Trap . | . . . . Miscellaneous . | . . . . Route ------- -11/Scrapyard -10/Materials -10/Mines -9/Materials History --------- Turn | Location | Event 6 | -11/Scrapyard | Discovered new exit (range 15) 83 | -11/Scrapyard | Entered Materials 247 | -10/Materials | Discovered new exit (range 16) 301 | -10/Materials | Entered Mines 304 | -10/Mines | Build established: Mutant 329 | -10/Mines | Found DCF Scrap (14 items) 339 | -10/Mines | Met a Derelict bent on vengeance 587 | -10/Mines | Found the Drone Emporium 598 | -10/Mines | Found Prototype Device 623 | -10/Mines | Discovered new exit (range 6) 636 | -10/Mines | Entered Materials 636 | -9/Materials | Evolved 2 slots: Propulsion x2 1103 | -9/Materials | Lost 4 parts (1n1u2w) 1390 | -9/Materials | Core integrity fell below 50% 1400 | -9/Materials | Core integrity fell below 20% 1403 | -9/Materials | Destroyed by G-34 Mercenary with Small Laser Last Messages --------------- 01394_ K-01 Serf collects debris. 01394_ Beam Cannon destroyed. 01394_ R-06 Scavenger collects Sml. Laser. 01395_ Overheating: Terrain Scan Processor damaged (-4). 01395_ Overheating: Ion Engine damaged (-8). 01395_ Overheating: Lrg. Storage Unit damaged (-31). 01395_ K-01 Serf collects debris. 01395_ Extracted 20 matter. 01396_ Overheating: System interference. 01396_ Terrain Scan Processor temporarily disabled. 01397_ R-06 Scavenger collects Prototype Flight Unit. 01397_ K-01 Serf collects debris. 01398_ Overheating: Matter decay (-48). 01398_ Extracted 26 matter. 01398_ Ion Engine destroyed. 01399_ Overheating: Matter decay (-31). 01399_ K-01 Serf collects debris. 01402_ Overheating: Matter decay (-27). 01403_ Overheating: Lrg. Storage Unit damaged (-14). 01403_ Overheating: Terrain Scan Processor damaged (-2). Map ----- +----------------------------------------------------+ | ??????????????? ?????# ?????????????### | | ?????????????? ????# #?????????????#"" | | ??????????????? ??# #?????????????#"T | | ???????????????? ?# #?????????????#"" | | ???????????????? # #?????????????### | | ??????????????????? + ################# | | ??????????????????????# % | | ??????????????????????# | | ??????????????????????# | | ??????????????????????######## | | ?????????????????????????????# ########## | | ?????????????????????????????# # ####+#### | | ??????????????????""?????????# + # [ | | ?????????????????? ?????????#! # # | | ?????????????????? ?????????# * # # | | ?????????????????##/##???????# # """ # / | | ?????????????????# #???????# # """ #/% | | ????????????????## #???????# # """ +/ | | ????????????????? #???????# # """ /# | | ?????????????????# #???????# # """ # | | ?????????????????# #???????# # #! | | ?????????????????# #???????# ]############ | | ????????????????## ##?????##= %##????? # | | ????????????????# ####### %[%#???? "#### # | | ????????????????# = = g =*# """ "???#### | | ????????????????+ =%* @! g k%k """ "??????# | | ????????????????# =%%ggr # """ T??????# | | ????????????????# ####### #??"" ???????? | | ????????????????## ##?????#^ ###?? ????????? | | ?????????????????# #??????#^^ #????? ??????????? | | ?????????????????# #??????# #????????????????? | | ?????????????????# +??????# #????????????????? | | ?????????????????# #??????# #????????????????? | | ?????????????????# #??????# #????????????????? | | ????????????????## ##?????# #????????????????? | | ????????????????# *%! #?????# #????????????????? | | ????????????????# #?????# #????????????????? | | ????????????????+ #?????# #????????????????? | | ????????????????# % #?????# #????????????????? | | ????????????????# #?????? ????????????????## | | ????????????????#### ##?????????????????????????# | | ???????????????????? #??????????????????????????# | | ???????????????????? #??????????????????????????# | | ???????????????????? #??????????????????????????# | | ???????????????????? #??????????????????????????# | | ???????????????????? #??????????????????????????# | | ???????????????????? #??????????????????????????# | | ???????????????????? ??????????????????????????# | | ????????????????????? ??????????????????########## | | ????????????????????? ??????????????????# ! | +----------------------------------------------------+ Best States ------------- Heat Dissipation 28 Energy Generation 12 Energy Capacity 265 Matter Stores 300 Matter Capacity 300 Sight Range 16 Terrain Scan Density 85 Weapon Shielding 33 Evasion (%) 55 Recoil Reduction 2 Item Schematics ----------------- None Robot Schematics ------------------ None Fabricated ------------ Nothing Alien Tech Used ----------------- None Achievements -------------- None Challenges ------------ None Game ------ Seed SuperdenseInsulatedMinigun Manual? 0 Play Time 00:28:46 Cumulative 2.0 hours Start 2025.03.25 @ 23:07:24 End 2025.03.25 @ 23:41:28 Sessions 1 Manual Loads 0 Difficulty Rogue Special Mode None Game No. 5 Rogue 5 Adventurer 0 Explorer 0 Win Type - Total 0 Types 0/0/0/0/0/0/0/0/0 Lore% 0 Gallery% 5 Achievement% 3 Wizard Run 0 Options --------- Layout 0 ASCII 1 Keyboard 1 Movement Vi Keybinds 0 Fullscreen 1 Font 14/SmallcapsGlow Map View 72x54 Zoom Use 0% Tactical HUD 1 Map Filters NONE Filters NONE Steam 0 RUN: bd6dbea8-f3ca-4afd-ac37-e07a55344ae1